AoeStats
← Grospoilu

Arena

508422015Analyzed
4v4 RM · 10d ago on Sep 22, 2026· 68m 22s· 8 players
Game mode
Random Map
Map size
Large (8 player)
Population
200
Speed
Normal
Resources
Standard
Victory
Conquest
Starting age
Dark Age
Ending age
Imperial Age
RankedLock teamsTeams togetherTeam positionsShared explorationLock speedFull tech treeHidden civsTurbo modeCheats
Victory
Defeat
🇹🇷 Persians · Türkiye
1290
+14
🇺🇸 Cumans · United States
1273
+14
🇩🇪 Japanese · Germany
1249
+15
🇸🇮 Koreans · Slovenia
1198
+18
🇭🇰 Poles · Hong Kong SAR China
1409
-22
🇨🇳 Huns · China
1219
-15
🇫🇷 Portuguese · France
1212
-14
🇨🇳 Romans · China
1114
-10
老k
10:47 Feudal Age
14:44 Castle Age
13:02 Double-Bit Axe
13:11 Horse Collar
15:04 Wheelbarrow
16:03 Bow Saw
17:59 Heavy Plow
22:52 Gold Mining
22:53 Stone Mining
24:32 Hand Cart
25:40 Gold Shaft Mining
26:36 Scale Barding Armor
26:42 Forging
26:38 Loom
29:35 Imperial Age
27:53 Chain Barding Armor
28:34 Iron Casting
28:16 Town Watch
30:17 Ballistics
30:20 Husbandry
30:31 Bloodlines
29:48 Cavalier
31:06 Plate Barding Armor
31:32 Blast Furnace
30:54 Conscription
30:40 Scale Mail Armor
32:07 Two-Man Saw
31:22 Guilds
30:38 Pikeman
31:18 Squires
31:04 Arson
31:46 Fletching
32:58 Chemistry
31:30 Halberdier
32:05 Paladin
33:27 Town Patrol
33:54 Bodkin Arrow
34:16 Chain Mail Armor
33:57 Murder Holes
34:13 Masonry
36:18 Devotion
39:09 Bracer
38:33 Capped Ram
39:20 Siege Ram
41:00 Light Cavalry
42:20 Padded Archer Armor
43:04 Coinage
42:17 Hussar
44:39 Leather Archer Armor
46:14 Atheism
Grospoilu
10:28 Feudal Age
11:35 Loom
15:58 Castle Age
14:30 Double-Bit Axe
14:30 Horse Collar
18:14 Town Watch
23:27 Fletching
23:53 Gambesons
25:47 Arson
27:41 Wheelbarrow
28:42 Bow Saw
28:35 Heavy Plow
32:52 Imperial Age
31:12 Padded Archer Armor
31:08 Bodkin Arrow
31:10 Elite Skirmisher
31:56 Thumb Ring
32:19 Man-at-Arms
32:21 Pikeman
34:49 Chemistry
34:11 Ballistics
35:03 Halberdier
38:47 Forging
38:38 Scale Mail Armor
39:07 Onager
40:59 Bracer
41:15 Leather Archer Armor
43:48 Ring Archer Armor
大平果是小菜鸡父亲
11:07 Feudal Age
15:02 Castle Age
13:04 Double-Bit Axe
13:16 Horse Collar
16:08 Bow Saw
16:00 Heavy Plow
17:36 Wheelbarrow
20:23 Hand Cart
20:55 Loom
21:06 Gold Mining
21:46 Town Watch
22:43 Szlachta Privileges
23:11 Husbandry
23:48 Bloodlines
24:30 Scale Barding Armor
25:26 Chain Barding Armor
26:03 Forging
27:25 Iron Casting
34:25 Imperial Age
32:04 Light Cavalry
34:33 Cavalier
34:35 Winged Hussar
35:54 Crop Rotation
36:27 Blast Furnace
35:49 Conscription
35:49 Stone Mining
36:29 Lechitic Legacy
40:57 Fortified Wall
41:48 Stone Shaft Mining
41:08 Guard Tower
42:56 Chemistry
41:43 Arrowslits
42:19 Ballistics
41:40 Treadmill Crane
43:18 Capped Ram
45:09 Keep
45:02 Fletching
46:37 Bodkin Arrow
47:05 Murder Holes
47:20 Masonry
49:28 Bombard Tower
51:08 Bracer
56:54 Siege Engineers
60:58 Pikeman
61:39 Squires
61:40 Scale Mail Armor
67:34 Man-at-Arms
一梦千年
10:52 Feudal Age
15:39 Castle Age
14:28 Double-Bit Axe
14:26 Horse Collar
18:57 Man-at-Arms
20:35 Heavy Plow
21:29 Long Swordsman
25:14 Bow Saw
25:52 Wheelbarrow
26:00 Forging
28:51 Ballistas
33:19 Imperial Age
31:35 Hand Cart
31:06 Town Watch
31:07 Loom
34:05 Iron Casting
33:30 Scale Mail Armor
35:36 Crop Rotation
34:29 Legionary
35:11 Squires
35:33 Heavy Scorpion
37:24 Blast Furnace
36:40 Chain Mail Armor
37:50 Capped Ram
40:11 Conscription
44:06 Pikeman
45:24 Siege Engineers
45:30 Fortified Wall
46:20 Chemistry
45:41 Ballistics
45:17 Murder Holes
45:33 Masonry
44:48 Halberdier
48:23 Siege Ram
55:02 Onager
61:49 Scale Barding Armor
62:05 Husbandry
62:26 Light Cavalry
66:37 Bloodlines
XJakeTheRipper7
11:43 Feudal Age
12:48 Double-Bit Axe
14:19 Double-Bit Axe
17:00 Castle Age
14:51 Stone Mining
15:09 Horse Collar
16:19 Gold Mining
18:17 Wheelbarrow
17:54 Bow Saw
21:20 Loom
25:20 Bow Saw
25:47 Gold Shaft Mining
25:25 Heavy Plow
25:44 Scale Mail Armor
25:54 Forging
26:43 Chain Mail Armor
28:50 Iron Casting
29:12 Hand Cart
32:50 Imperial Age
31:32 Squires
30:53 Pikeman
31:19 Arson
31:55 Town Watch
31:56 Treadmill Crane
32:36 Ballistics
32:12 Fletching
34:12 Plate Mail Armor
34:19 Conscription
35:05 Blast Furnace
34:39 Halberdier
39:19 Two-Man Saw
39:59 Elite Samurai
41:01 Thumb Ring
40:17 Elite Skirmisher
41:13 Bodkin Arrow
41:56 Hoardings
40:57 Crossbowman
41:36 Guard Tower
41:32 Arrowslits
42:09 Yasama
43:15 Keep
44:51 Fortified Wall
44:06 Arbalester
44:47 Padded Archer Armor
46:55 Murder Holes
48:31 Bracer
58:39 Leather Archer Armor
60:46 Ring Archer Armor
66:57 Coinage
byersg4
9:07 Feudal Age
9:46 Town Watch
11:14 Double-Bit Axe
11:10 Horse Collar
16:15 Wheelbarrow
17:49 Gold Mining
22:43 Castle Age
21:20 Bloodlines
21:20 Scale Barding Armor
21:26 Forging
23:52 Bow Saw
23:43 Heavy Plow
24:20 Gold Shaft Mining
26:02 Town Patrol
26:36 Chain Barding Armor
26:51 Iron Casting
28:03 Light Cavalry
33:48 Stone Mining
34:43 Hand Cart
34:18 Loom
37:16 Imperial Age
37:18 Cavalier
39:31 Plate Barding Armor
40:11 Blast Furnace
40:04 Crop Rotation
39:49 Fletching
40:23 Ballistics
41:15 Chemistry
42:09 Conscription
46:01 Hoardings
45:17 Hussar
46:34 Bodkin Arrow
47:23 Murder Holes
48:23 Caravan
51:03 Padded Archer Armor
55:51 Capped Ram
59:32 Steppe Husbandry
63:39 Siege Ram
67:30 Masonry
m00n
11:02 Feudal Age
14:49 Castle Age
13:24 Double-Bit Axe
14:46 Horse Collar
15:42 Wheelbarrow
25:13 Heavy Plow
26:51 Bow Saw
32:25 Imperial Age
30:36 Scale Mail Armor
30:47 Forging
30:28 Fletching
31:02 Ballistics
30:53 Masonry
30:33 Pikeman
31:13 Squires
31:57 Hand Cart
31:28 Town Watch
31:29 Loom
32:06 Fortified Wall
31:52 Murder Holes
32:19 Chain Mail Armor
34:03 Guilds
34:09 Eupseong
36:10 Chemistry
35:41 Architecture
35:17 Siege Engineers
35:00 Arrowslits
34:58 Treadmill Crane
35:15 Bodkin Arrow
35:51 Plate Mail Armor
35:56 Iron Casting
36:21 Gold Mining
36:22 Stone Mining
37:02 Bracer
38:45 Gold Shaft Mining
38:45 Stone Shaft Mining
38:19 Halberdier
40:24 Iron Casting
40:08 Thumb Ring
39:48 Elite Skirmisher
48:26 Arson
51:42 Capped Ram
C42
10:38 Feudal Age
11:04 Double-Bit Axe
11:00 Horse Collar
14:38 Castle Age
15:37 Wheelbarrow
15:46 Bow Saw
15:35 Horse Collar
16:37 Heavy Plow
21:46 Hand Cart
28:10 Imperial Age
25:47 Gold Mining
25:47 Stone Mining
27:35 Ballistics
29:51 Two-Man Saw
29:36 Coinage
28:37 Heavy Camel Rider
29:18 Husbandry
29:29 Bloodlines
29:26 Scale Barding Armor
29:31 Forging
29:43 Loom
29:44 Town Watch
29:42 Cavalier
30:58 Crop Rotation
31:18 Iron Casting
31:03 Chain Barding Armor
32:08 Gold Shaft Mining
32:08 Stone Shaft Mining
31:36 Town Patrol
31:09 Savar
33:54 Blast Furnace
33:29 Plate Barding Armor
33:44 Plate Barding Armor
34:09 Conscription
34:19 Fletching
34:29 Padded Archer Armor
34:52 Murder Holes
35:58 Chemistry
35:09 Masonry
35:35 Hoardings
35:03 Kamandaran
36:40 Light Cavalry
37:36 Leather Archer Armor
38:55 Parthian Tactics
38:36 Thumb Ring
39:02 Ring Archer Armor
38:28 Bodkin Arrow
39:58 Banking
39:29 Caravan
43:05 Guilds
44:54 Hussar
61:27 Capped Ram
Connection lost

Rejoining the realm…

Still unreachable

The connection could not be restored.

Session expired

The server has moved on; the page needs a fresh start.